AA - U28
PENSACOLA BLUE WAHOOS @ ROCKET CITY TRASH PANDAS
06/09/2052
 
TOP OF THE 1ST
Providence Crabs batting - Pitching for San Antonio Missions : RHP Aaron Dassow
Pitching: RHP Aaron Dassow
Batting: RHB Josie Steele 0-0: Foul Ball, location: 2RF
0-1: Ball
1-1: Foul Ball, location: 5FF
1-2: Ball
2-2: Fly out, F9 (Flyball, 89S, EV 90.0 MPH)
Batting: RHB José Abreu 0-0: Ball
1-0: Swinging Strike
1-1: Foul Ball, location: 9LMF
1-2: Ball
2-2: Strikes out swinging
Batting: LHB Isaiah Dukes 0-0: Called Strike
0-1: Called Strike
0-2: Strikes out swinging
Top of the 1st over - 0 runs, 0 hits, 0 errors, 0 left on base; Providence 0 - San Antonio 0
BOTTOM OF THE 1ST
San Antonio Missions batting - Pitching for Providence Crabs : RHP B.J. Darakjian
Pitching: RHP B.J. Darakjian
Batting: RHB Brayden Jones 0-0: Bunt for hit to 23 - play at first, batter OUT! 3-4
Batting: RHB Chico Sarabia 0-0: Ball
1-0: Ball
2-0: Swinging Strike
2-1: Ball
3-1: Fly out, F8 (Flyball, 8LS, EV 83.1 MPH)
Batting: LHB Royce Roch 0-0: Ball
1-0: Called Strike
1-1: Called Strike
1-2: Ground out U3 (Groundball, 3L, EV 107.5 MPH)
Bottom of the 1st over - 0 runs, 0 hits, 0 errors, 0 left on base; Providence 0 - San Antonio 0
TOP OF THE 2ND
Providence Crabs batting - Pitching for San Antonio Missions : RHP Aaron Dassow
Batting: RHB Rick Beaulieu 0-0: Ball
1-0: SINGLE (Groundball, 34D, EV 104.4 MPH)
Batting: RHB Nathan Lafontaine 0-0: Called Strike
0-1: Foul Ball, location: 2F
0-2: Foul Ball, location: 23FF
0-2: Ball
1-2: Strikes out swinging
Batting: LHB Steve Ericks 0-0: Fielders Choice at 2nd, 3-6 (Groundball, 3, EV 107.5 MPH)
Batting: RHB Otis Smith 0-0: Called Strike
0-1: Ball
1-1: Ball
2-1: Foul Ball, location: 3DF
2-2: Ball
3-2: Foul Ball, location: 23FF
3-2: SINGLE (Groundball, 4, EV 101.3 MPH)
Steve Ericks to second
Steve Ericks to third
Batting: RHB Brooks Tucker 0-0: Ball
1-0: Called Strike
1-1: Swinging Strike
1-2: Foul Ball, location: 2F
1-2: Strikes out swinging
Top of the 2nd over - 0 runs, 2 hits, 0 errors, 2 left on base; Providence 0 - San Antonio 0
BOTTOM OF THE 2ND
San Antonio Missions batting - Pitching for Providence Crabs : RHP B.J. Darakjian
Batting: RHB Elijah LaMothe 0-0: Ball
1-0: Ball
2-0: Ball
3-0: Base on Balls
Batting: RHB Placido Beltran 0-0: Ball
1-0: Grounds into double play, 6-4-3 (Groundball, 6MD, EV 105.0 MPH)
Batting: LHB Henry Hargrove 0-0: Swinging Strike
0-1: Ball
1-1: SINGLE (Line Drive, 6MD, EV 101.3 MPH)
Batting: SHB Butch Garnett 0-0: Ball
1-0: Ball
2-0: Called Strike
2-1: Ball
3-1: Foul Ball, location: 5FF
3-2: SINGLE (Groundball, 13S, EV 70.0 MPH) (infield hit)
Henry Hargrove to second
Batting: RHB Caiden Nicholson 0-0: Ball
1-0: Foul Ball, location: 3FF
1-1: Called Strike
1-2: Fly out, F8 (Flyball, 8RD, EV 82.5 MPH)
Bottom of the 2nd over - 0 runs, 2 hits, 0 errors, 2 left on base; Providence 0 - San Antonio 0
TOP OF THE 3RD
Providence Crabs batting - Pitching for San Antonio Missions : RHP Aaron Dassow
Batting: RHB Jaxon Boyland 0-0: Fly out, F9 (Flyball, 9LS, EV 85.6 MPH)
Batting: RHB Josie Steele 0-0: Ball
1-0: Foul Ball, location: 9LSF
1-1: Ball
2-1: Called Strike
2-2: Foul Ball, location: 7LMF
2-2: Strikes out swinging
Batting: RHB José Abreu 0-0: Swinging Strike
0-1: Ball
1-1: Foul Ball, location: 2F
1-2: Ball
2-2: Ground out 4-3 (Groundball, 4S, EV 81.3 MPH)
Top of the 3rd over - 0 runs, 0 hits, 0 errors, 0 left on base; Providence 0 - San Antonio 0
BOTTOM OF THE 3RD
San Antonio Missions batting - Pitching for Providence Crabs : RHP B.J. Darakjian
Batting: LHB Brantley Carbojal 0-0: Called Strike
0-1: Swinging Strike
0-2: Ball
1-2: Ball
2-2: Ground out 4-3 (Groundball, 4, EV 86.3 MPH)
Batting: RHB Brayden Jones 0-0: Called Strike
0-1: SINGLE (Line Drive, 89S, EV 100.6 MPH)
Batting: RHB Chico Sarabia 0-0: Called Strike
0-1: Foul Ball, location: 5DF
0-2: Ball
1-2: Ball
2-2: Ground out 5-3 (Groundball, 56S, EV 72.5 MPH)
Brayden Jones to second
Batting: LHB Royce Roch 0-0: Called Strike
0-1: Foul Ball, location: 25FF
0-2: Foul Ball, location: 2F
0-2: Ball
1-2: SINGLE (Line Drive, 4MD, EV 95.0 MPH)
Brayden Jones to third
Runner from 3rd tries for Home, SAFE, throw by CF to home
Batting: RHB Elijah LaMothe 0-0: Fly out, F9 (Line Drive, 9S, EV 100.0 MPH)
Bottom of the 3rd over - 1 run, 2 hits, 0 errors, 1 left on base; Providence 0 - San Antonio 1
TOP OF THE 4TH
Providence Crabs batting - Pitching for San Antonio Missions : RHP Aaron Dassow
Batting: LHB Isaiah Dukes 0-0: DOUBLE (Line Drive, 5D, EV 103.1 MPH)
Batting: RHB Rick Beaulieu 0-0: Ball
1-0: Foul Ball, location: 5F
1-1: Foul Ball, location: 2F
1-2: Ball
2-2: Ball
3-2: Base on Balls
Batting: RHB Nathan Lafontaine 0-0: Called Strike
0-1: Fly out, F7 (Flyball, 78S, EV 91.9 MPH)
Batting: LHB Steve Ericks 0-0: SINGLE (Groundball, 4MD, EV 94.4 MPH)
Isaiah Dukes to third
Rick Beaulieu to second
Batting: RHB Otis Smith 0-0: Ball
1-0: Foul Ball, location: 7LMF
1-1: Swinging Strike
1-2: Ball
2-2: Strikes out looking
Batting: RHB Brooks Tucker 0-0: Called Strike
0-1: Fielders Choice at 2nd, U4 (Groundball, 4M, EV 105.0 MPH)
Top of the 4th over - 0 runs, 2 hits, 0 errors, 3 left on base; Providence 0 - San Antonio 1
BOTTOM OF THE 4TH
San Antonio Missions batting - Pitching for Providence Crabs : RHP B.J. Darakjian
Batting: RHB Placido Beltran 0-0: Swinging Strike
0-1: Ball
1-1: Ball
2-1: Foul Ball, location: 9LDF
2-2: Ball
3-2: Strikes out swinging
Batting: LHB Henry Hargrove 0-0: Swinging Strike
0-1: Ball
1-1: Called Strike
1-2: Ball
2-2: Ball
3-2: Fly out, F7 (Line Drive, 7S, EV 101.9 MPH)
Batting: SHB Butch Garnett 0-0: Ball
1-0: Ball
2-0: Foul Ball, location: 2F
2-1: Ball
3-1: Foul Ball, location: 2F
3-2: Fly out, F7 (Flyball, 78D, EV 99.4 MPH)
Bottom of the 4th over - 0 runs, 0 hits, 0 errors, 0 left on base; Providence 0 - San Antonio 1
TOP OF THE 5TH
Providence Crabs batting - Pitching for San Antonio Missions : RHP Aaron Dassow
Batting: RHB Jaxon Boyland 0-0: Ball
1-0: Ball
2-0: Ball
3-0: Base on Balls
Batting: RHB Josie Steele 0-0: Bunted foul
0-1: Sac Bunt to 13 - play at first, batter OUT! 1-3
Jaxon Boyland to second
Batting: RHB José Abreu 0-0: Foul Ball, location: 3F
0-1: Swinging Strike
0-2: Strikes out swinging
Batting: LHB Isaiah Dukes 0-0: Ball
1-0: Ball
2-0: Ball
3-0: Base on Balls
Batting: RHB Rick Beaulieu 0-0: Swinging Strike
0-1: Foul Ball, location: 2F
0-2: Strikes out swinging
Top of the 5th over - 0 runs, 0 hits, 0 errors, 2 left on base; Providence 0 - San Antonio 1
BOTTOM OF THE 5TH
San Antonio Missions batting - Pitching for Providence Crabs : RHP B.J. Darakjian
Batting: RHB Caiden Nicholson 0-0: Foul Ball, location: 5SF
0-1: Ball
1-1: Ball
2-1: Swinging Strike
2-2: Ball
3-2: Fly out, F9 (Flyball, 9, EV 93.1 MPH)
Batting: LHB Brantley Carbojal 0-0: Ball
1-0: Called Strike
1-1: Foul Ball, location: 3DF
1-2: Ball
2-2: Fly out, F9 (Flyball, 89M, EV 92.5 MPH)
Batting: RHB Brayden Jones 0-0: Ball
1-0: Ball
2-0: Called Strike
2-1: Ball
3-1: DOUBLE (Flyball, 78D, EV 95.6 MPH)
Batting: RHB Chico Sarabia 0-0: Called Strike
0-1: Ball
1-1: Swinging Strike
1-2: Ball
2-2: Foul Ball, location: 2RF
2-2: Strikes out swinging
Bottom of the 5th over - 0 runs, 1 hit, 0 errors, 1 left on base; Providence 0 - San Antonio 1
TOP OF THE 6TH
Providence Crabs batting - Pitching for San Antonio Missions : RHP Aaron Dassow
Batting: RHB Nathan Lafontaine 0-0: Called Strike
0-1: Ball
1-1: Foul Ball, location: 9LMF
1-2: DOUBLE (Line Drive, 9LS, EV 98.1 MPH)
Batting: LHB Steve Ericks 0-0: Ball
1-0: Ball
2-0: Ball
Wild Pitch!
Nathan Lafontaine to third
3-0: Called Strike
3-1: Foul Ball, location: 5SF
3-2: Base on Balls
Batting: RHB Otis Smith 0-0: Foul Ball, location: 3FF
0-1: Grounds into double play, 6-4-3 (Groundball, 6, EV 86.3 MPH)
Nathan Lafontaine scores
Batting: RHB Brooks Tucker 0-0: Ball
1-0: SOLO HOME RUN (Flyball, 7D, EV 93.1 MPH), Distance : 359 ft
Batting: RHB Jaxon Boyland 0-0: Called Strike
0-1: Called Strike
0-2: Foul Ball, location: 2F
0-2: SINGLE (Groundball, 6MD, EV 100.0 MPH)
Batting: RHB Josie Steele 0-0: Ball
Wild Pitch!
Jaxon Boyland to second
1-0: Fly out, F8 (Flyball, 8LM, EV 91.9 MPH)
Top of the 6th over - 2 runs, 3 hits, 0 errors, 1 left on base; Providence 2 - San Antonio 1
BOTTOM OF THE 6TH
San Antonio Missions batting - Pitching for Providence Crabs : RHP B.J. Darakjian
Batting: LHB Royce Roch 0-0: Foul Ball, location: 2F
0-1: Foul Ball, location: 9LMF
0-2: DOUBLE (Flyball, 89XD, EV 106.9 MPH)
Batting: RHB Elijah LaMothe 0-0: Ball
1-0: Called Strike
1-1: Foul Ball, location: 2F
1-2: Ball
2-2: Foul Ball, location: 2F
2-2: Ball
3-2: Strikes out swinging
Pitching: RHP Richie Tripp
Batting: RHB Placido Beltran 0-0: Ball
1-0: Ball
2-0: Ball
3-0: Base on Balls
Batting: LHB Henry Hargrove 0-0: Foul Ball, location: 5DF
0-1: Ball
1-1: Ball
2-1: Foul Ball, location: 2F
2-2: Foul Ball, location: 25F
2-2: Ball
3-2: Strikes out swinging
Batting: SHB Butch Garnett 0-0: Ball
1-0: Called Strike
1-1: Fielders Choice at 2nd, 5-4 (Groundball, 56, EV 79.4 MPH)
Bottom of the 6th over - 0 runs, 1 hit, 0 errors, 2 left on base; Providence 2 - San Antonio 1
TOP OF THE 7TH
Providence Crabs batting - Pitching for San Antonio Missions : RHP Aaron Dassow
Batting: RHB José Abreu 0-0: Ground out 6-3 (Groundball, 6M, EV 78.1 MPH)
Batting: LHB Isaiah Dukes 0-0: Foul Ball, location: 2F
0-1: Ball
1-1: Foul Ball, location: 7LSF
1-2: Ball
2-2: Foul Ball, location: 2F
2-2: Ball
3-2: Ground out 4-3 (Groundball, 4, EV 83.8 MPH)
Batting: RHB Rick Beaulieu 0-0: Called Strike
0-1: Foul Ball, location: 23F
0-2: Ground out 6-3 (Groundball, 56, EV 90.0 MPH)
Top of the 7th over - 0 runs, 0 hits, 0 errors, 0 left on base; Providence 2 - San Antonio 1
BOTTOM OF THE 7TH
San Antonio Missions batting - Pitching for Providence Crabs : RHP Richie Tripp
Batting: RHB Caiden Nicholson 0-0: Ground out 4-3 (Groundball, 4, EV 80.6 MPH)
Batting: LHB Brantley Carbojal 0-0: Ball
1-0: Ball
2-0: Ball
3-0: Called Strike
3-1: Swinging Strike
3-2: Reached on error, E6 (Groundball, 6, EV 92.5 MPH)
Pinch Hitting: LHB Tucker Barry 0-0: Called Strike
0-1: Ball
1-1: Ball
2-1: Fly out, F9 (Flyball, 89D, EV 111.3 MPH)
Batting: RHB Chico Sarabia 0-0: Called Strike
0-1: Called Strike
0-2: Ball
1-2: SINGLE (Line Drive, 8LS, EV 93.1 MPH)
Brantley Carbojal to second
Batting: LHB Royce Roch 0-0: Called Strike
0-1: Ball
1-1: Ground out 4-3 (Groundball, 4, EV 109.4 MPH)
Bottom of the 7th over - 0 runs, 1 hit, 1 error, 2 left on base; Providence 2 - San Antonio 1
TOP OF THE 8TH
Providence Crabs batting - Pitching for San Antonio Missions : RHP Aaron Dassow
Pitching: RHP Gevaro Franceschi
Now in LF: Tucker Barry
Now in CF: Henry Hargrove
Now in RF: Chico Sarabia
Batting: RHB Nathan Lafontaine 0-0: Ground out 5-3 (Groundball, 56, EV 92.5 MPH)
Batting: LHB Steve Ericks 0-0: Ball
1-0: Ball
2-0: Ball
3-0: Called Strike
3-1: Called Strike
3-2: Fly out, F8 (Flyball, 8RXD, EV 96.3 MPH)
Batting: RHB Otis Smith 0-0: Ball
1-0: Ball
2-0: Called Strike
2-1: SINGLE (Groundball, 3S, EV 73.1 MPH) (infield hit)
Batting: RHB Brooks Tucker 0-0: Ball
1-0: Foul Ball, location: 25F
1-1: Foul Ball, location: 2F
1-2: Strikes out swinging
Top of the 8th over - 0 runs, 1 hit, 0 errors, 1 left on base; Providence 2 - San Antonio 1
BOTTOM OF THE 8TH
San Antonio Missions batting - Pitching for Providence Crabs : RHP Richie Tripp
Batting: RHB Elijah LaMothe 0-0: Foul Ball, location: 23F
0-1: Ball
1-1: Ball
2-1: Swinging Strike
2-2: Ball
3-2: Strikes out swinging
Batting: RHB Placido Beltran 0-0: Ball
1-0: Swinging Strike
1-1: Swinging Strike
1-2: Strikes out swinging
Batting: LHB Henry Hargrove 0-0: Swinging Strike
0-1: Ball
1-1: Ball
2-1: Swinging Strike
2-2: Foul Ball, location: 2F
2-2: Strikes out swinging
Bottom of the 8th over - 0 runs, 0 hits, 0 errors, 0 left on base; Providence 2 - San Antonio 1
TOP OF THE 9TH
Providence Crabs batting - Pitching for San Antonio Missions : RHP Gevaro Franceschi
Batting: RHB Jaxon Boyland 0-0: Ground out 6-3 (Groundball, 4MS, EV 83.1 MPH)
Batting: RHB Josie Steele 0-0: Swinging Strike
0-1: Ball
1-1: Swinging Strike
1-2: Strikes out looking
Batting: RHB José Abreu 0-0: Ball
1-0: Ball
2-0: Foul Ball, location: 9LSF
2-1: Ground out 4-3 (Groundball, 4, EV 80.0 MPH)
Top of the 9th over - 0 runs, 0 hits, 0 errors, 0 left on base; Providence 2 - San Antonio 1
BOTTOM OF THE 9TH
San Antonio Missions batting - Pitching for Providence Crabs : RHP Richie Tripp
Pitching: RHP Max Rea
Now in RF: Lucas Austin
Batting: SHB Butch Garnett 0-0: Ball
1-0: Ball
2-0: SINGLE (Groundball, 3D, EV 99.4 MPH)
Pinch Hitting: LHB Gerald Torres 0-0: Ball
1-0: Called Strike
1-1: Swinging Strike
1-2: Ball
2-2: SINGLE (Line Drive, 6MD, EV 98.1 MPH)
Butch Garnett to second
Batting: LHB Brantley Carbojal 0-0: Ball
1-0: Foul Ball, location: 3F
1-1: Ball
2-1: Ball
3-1: Called Strike
3-2: Fielders Choice at 2nd, 5-4 (Groundball, 5, EV 83.8 MPH)
Butch Garnett to third
Batting: LHB Tucker Barry 0-0: Called Strike
0-1: Fly out, F4 (Line Drive, 4M, EV 60.0 MPH)
Batting: RHB Chico Sarabia 0-0: Ball
1-0: Fielders Choice at 2nd, 6-4 (Groundball, 56, EV 88.1 MPH)
Bottom of the 9th over - 0 runs, 2 hits, 0 errors, 2 left on base; Providence 2 - San Antonio 1
Wednesday, April 24th , 2024 - OOTP Baseball 24.11 Build 85